Map: Inside and Out

Players

Nice - Winner!

  • Race: Protoss Protoss
  • Spawn Location: 7:00

SpeCial

  • Race: Terran Terran
  • Spawn Location: 1:00

Event: DreamHack SC2 Masters 2022 Atlanta (Offline)

VOD

Have the link to the VOD?

Description

Time

  • Played on: Nov. 18, 2022, 1:50 p.m.
  • Length: 8:31

All games in this series

Show
View Real Time Build Order
Export as new Build Order

Nice Protoss - Winner!

Build Orders: 1 Gate Expand 

Get SALT Encoding   

  12  0:00  Probe  
  13  0:12  Probe  
  14  0:16  Pylon  
  14  0:24  Probe (Chrono Boost)  
  16  0:36  Probe (Chrono Boost), Gateway  
  16  0:41  Probe (Chrono Boost)  
  16  0:46  Assimilator  
  17  0:52  Probe  
  18  1:04  Probe  
  19  1:16  Probe  
  20  1:23  Cybernetics Core  
  20  1:34  Nexus  
  20  1:38  Pylon  
  20  1:44  Assimilator  
  20  1:46  Probe  
  21  1:57  Adept (Chrono Boost)  
  23  2:03  Shield Battery  
  23  2:05  Probe  
  24  2:14  Warp Gate  
  23  2:18  Probe  
  23  2:20  Stalker (Chrono Boost)  
  26  2:30  Probe  
  27  2:42  Stalker (Chrono Boost)  
  29  2:45  Probe  
  29  2:50  Robotics Facility  
  30  3:01  Probe  
  30  3:03  Stalker (Chrono Boost), Pylon  
  33  3:15  Gateway  
  33  3:21  Gateway  
  33  3:27  Stalker (Chrono Boost)  
  33  3:41  Warp Prism (Chrono Boost)  
  35  3:54  Probe  
  35  3:55  Probe  
  37  4:05  Stalker  
  39  4:10  Observer  
  39  4:11  Stalker  
  39  4:16  Stalker  
  44  4:20  Pylon  
  44  4:22  Probe  
  45  4:25  Probe  
  45  4:31  Pylon  
  46  4:39  Stalker  
  46  4:42  Stalker  
  46  5:04  Stalker x3  
  46  5:06  Probe x2  
  54  5:42  Immortal (Chrono Boost)  
  52  5:53  Probe  
  51  5:57  Stalker x2  
  51  5:59  Stalker  
  43  6:08  Probe x2  
  43  6:10  Stalker x2  
  43  6:11  Stalker  
  45  6:12  Shield Battery  
  45  6:13  Twilight Council  
  45  6:16  Shield Battery  
  45  6:19  Warp Prism (Chrono Boost)  
  45  6:20  Probe x2  
  49  6:32  Probe  
  50  6:33  Stalker  
  50  6:34  Stalker x2  
  50  6:37  Probe  
  57  6:42  Observer (Chrono Boost), Blink (Chrono Boost)  
  57  6:44  Observer  
  57  6:45  Probe  
  59  6:52  Probe  
  59  6:53  Assimilator  
  60  6:56  Assimilator  
  60  6:59  Gateway  
  60  7:10  Dark Shrine, Observer  
  60  7:14  Probe x2  
  62  7:21  Observer  
  62  7:25  Pylon  
  62  7:26  Pylon  
  62  7:38  Pylon  
  62  7:41  Nexus  
  62  7:45  Stalker x2  
  62  7:48  Stalker  
  68  7:57  Shield Battery  
  68  7:58  Shield Battery  
  68  8:01  Stalker  
  70  8:17  Stalker  
  70  8:18  Stalker  
  70  8:19  Pylon  
  74  8:22  Dark Templar  
Show
View Real Time Build Order
Export as new Build Order

SpeCial Terran 

Build Orders: 2 Factory, Cyclone Opening 

Get SALT Encoding   

  12  0:00  SCV  
  13  0:12  SCV  
  14  0:17  Supply Depot  
  14  0:24  SCV  
  15  0:39  SCV, Barracks  
  16  0:45  Refinery  
  16  0:51  SCV  
  16  0:54  Refinery  
  17  1:03  SCV  
  18  1:15  SCV  
  19  1:27  Reaper, Orbital Command  
  20  1:44  Factory  
  20  1:49  Bunker  
  20  1:54  Supply Depot  
  20  1:57  SCV  
  20  1:59  Reaper  
  22  2:09  SCV  
  23  2:21  SCV  
  23  2:34  SCV  
  24  2:37  Factory Tech Lab  
  24  2:46  SCV  
  24  2:47  Command Center  
  25  2:56  Cyclone  
  25  2:58  SCV  
  29  3:06  Factory  
  29  3:11  SCV  
  30  3:16  Supply Depot  
  30  3:23  SCV  
  30  3:37  Cyclone  
  30  3:40  Barracks Reactor  
  30  3:41  SCV  
  33  3:48  Mag-Field Accelerator  
  34  3:52  Factory Tech Lab  
  34  3:53  SCV  
  34  4:05  SCV  
  34  4:10  Refinery  
  34  4:11  Cyclone  
  34  4:12  Bunker  
  34  4:16  Marine x2  
  39  4:17  SCV  
  39  4:18  Cyclone  
  43  4:25  Orbital Command  
  43  4:29  SCV  
  44  4:34  Marine x2  
  46  4:43  Cyclone  
  49  4:46  Supply Depot, SCV  
  47  4:52  Marine x2  
  46  5:01  Cyclone  
  46  5:04  SCV  
  45  5:10  Marine x2  
  45  5:15  Cyclone  
  45  5:16  SCV  
  49  5:28  SCV, Marine x2  
  42  5:29  SCV  
  38  5:46  Marine  
  32  5:54  Marine  
  29  6:04  SCV x2  
  25  6:16  SCV  
  26  6:20  SCV  
  26  6:23  Marine x2  
  29  6:26  Cyclone  
  29  6:28  SCV  
  29  6:32  Cyclone  
  36  6:35  SCV  
  37  6:40  SCV, Marine x2  
  40  6:47  SCV  
  40  6:53  SCV  
  42  6:59  SCV, Marine x2  
  45  7:05  SCV  
  45  7:06  Cyclone  
  49  7:11  SCV  
  50  7:15  Supply Depot  
  50  7:17  SCV  
  50  7:18  Cyclone  
  54  7:28  SCV  
  54  7:33  Supply Depot  
  54  7:37  SCV  
  54  7:39  Marine x2  
  54  7:40  SCV  
  58  7:45  Cyclone  
  58  7:49  SCV  
  62  7:53  SCV  
  62  8:01  SCV  
  66  8:06  SCV, Marine x2  
  63  8:13  SCV  
  64  8:21  Command Center  
Tags
 
Add a new tag
Caveats
  • Supply blocks, unpowered buildings, or Contaminate may cause inaccurate times.
  • Supply counts are checked every 10 seconds.